 Dungeon Crawl Stone Soup version 0.21-a0-426-g98080a9 (webtiles) character file.

6209 theanonym the Thaumaturge (level 10, -17/63 HPs)
             Began as a Mummy Ice Elementalist on Nov 7, 2017.
             Was a High Priest of Sif Muna.
             Demolished by a spiny frog (20 damage)
             ... on level 1 of the Lair of Beasts.
             The game lasted 00:40:39 (13592 turns).

theanonym the Thaumaturge (Mummy Ice Elementalist) Turns: 13592, Time: 00:40:40

Health: -17/63     AC:  7    Str: 13    XL:     10   Next: 61%
Magic:  17/24      EV: 12    Int: 17    God:    Sif Muna [*****.]
Gold:   766        SH:  0    Dex: 12    Spells: 11/29 levels left

rFire    . . .     SeeInvis .   k - +3 hand axe (chop)
rCold    + . .     Gourm    .   (no shield)
rNeg     + + +     Faith    .   v - +0 steam dragon scales
rPois    ∞         Spirit   .   (no helmet)
rElec    .         Reflect  .   l - +0 cloak
rCorr    .         Harm     .   (no gloves)
MR       +....                  g - +0 pair of boots
Stlth    ++........             x - amulet of magic regeneration
HPRegen  0.20/turn              i - ring of protection from fire
MPRegen  0.44/turn              (no ring)

@: divine energy
A: no food or potions, fire vulnerability, cold resistance 1, negative energy
resistance 3, torment resistance, unbreathing
a: Stop Divine Energy, Channel Magic, Forget Spell, Renounce Religion


Innate Abilities, Weirdness & Mutations

You do not eat or drink.
Your flesh is vulnerable to fire.
You are immune to poison.
Your flesh is cold resistant. (rC+)
You are immune to negative energy. (rN+++)
You are immune to unholy pain and torment.
You can survive without breathing.


   Skills:
 - Level 1.5 Dodging
 - Level 1.5 Stealth
 - Level 10.0 Spellcasting
 * Level 5.5 Conjurations
 - Level 6.0 Summonings
 + Level 7.8 Ice Magic
 + Level 4.0 Invocations


You had 11 spell levels left.
You knew the following spells:

 Your Spells              Type           Power        Failure   Level  Hunger
a - Freeze                Ice            ####         1%          1    N/A
b - Throw Icicle          Conj/Ice       ####....     5%          4    N/A
c - Summon Ice Beast      Ice/Summ       ####....     4%          4    N/A
d - Confusing Touch       Hex            #.....       9%          1    N/A
e - Confuse               Hex            #.......     26%         3    N/A
f - Ensorcelled Hibernat  Hex/Ice        ###...       2%          2    N/A
g - Ozocubu's Armour      Chrm/Ice       ###.....     4%          3    N/A

Skill      XL: |  1  2  3  4  5  6  7  8  9 10 |
---------------+-------------------------------+-----
Spellcasting   | 3 4 5 6 8 9 10 | 10.0
Ice Magic      | 3 4 6 7 |  7.8
Summonings     | 1 2 3 4 5 6 |  6.0
Conjurations   | 3 5 |  5.5
Invocations    | 2 4 |  4.0
Dodging        | |  1.5
Stealth        | |  1.5

Action                   |  1- 3 |  4- 6 |  7- 9 | 10-12 || total
-------------------------+-------+-------+-------+-------++-------
Melee: Dagger            |    14 |     9 |       |       ||    23
       Hand axe          |       |    20 |   122 |    10 ||   152
       Trident           |       |       |    22 |       ||    22
 Cast: Freeze            |    65 |    91 |   182 |    82 ||   420
       Summon Ice Beast  |       |     4 |    72 |    23 ||    99
       Ozocubu's Armour  |       |     1 |    23 |     9 ||    33
       Confusing Touch   |       |       |     1 |       ||     1
       Throw Icicle      |       |       |       |    19 ||    19
       Ensorcelled Hiber |       |       |       |     9 ||     9
Invok: Divine Energy     |       |       |     1 |       ||     1
  Use: Scroll            |       |     3 |     8 |       ||    11
 Stab: Sleeping          |       |       |     1 |       ||     1
       Distracted        |       |       |     1 |       ||     1
Armor: Robe              |    23 |    24 |    62 |       ||   109
       Steam dragon scal |       |       |    29 |    35 ||    64
Dodge: Dodged            |    53 |    68 |   170 |    51 ||   342

Inventory:

Hand Weapons
 k - a +3 hand axe of chopping (weapon)
   (You found it on level 2 of the Dungeon)
 y - a +4 trident
   (You took it off an orc on level 6 of the Dungeon)
Missiles
 t - 3 curare-tipped needles
Armour
 g - a +0 pair of boots (worn)
   (You found it on level 2 of the Dungeon)
 l - a +0 cloak (worn)
   (You found it on level 3 of the Dungeon)
 v - +0 steam dragon scales (worn)
   (You found it on level 7 of the Dungeon)
Magical Staves
 s - an uncursed staff of fire
   (You found it on level 7 of the Dungeon)
Jewellery
 i - a ring of protection from fire (left hand)
   (You found it on level 2 of the Dungeon)
 x - an amulet of magic regeneration (around neck)
   (You found it on level 7 of the Dungeon)
Wands
 m - a wand of digging (24/24)
   (You found it on level 3 of the Dungeon)
 p - a wand of acid (7/15)
   (You found it on level 6 of the Dungeon)
 q - a wand of polymorph (13/24)
   (You took it off an orc on level 5 of the Dungeon)
 w - a wand of random effects (26/48)
   (You found it on level 8 of the Dungeon)
 z - a wand of paralysis (16/24)
   (You found it on level 8 of the Dungeon)
 B - a wand of flame (28/48)
   (You found it on level 1 of the Lair of Beasts)
 C - a wand of iceblast (4/15)
   (You found it on level 1 of the Lair of Beasts)
 E - a wand of random effects (31/48)
   (You found it on level 2 of the Lair of Beasts)
 F - a wand of paralysis (8/24)
   (You found it on level 2 of the Lair of Beasts)
Scrolls
 a - a scroll of fear {!r}
 c - 6 scrolls of remove curse
 d - 5 scrolls of teleportation {!r}
 e - 5 scrolls of enchant armour
 f - 2 scrolls of amnesia
 h - a scroll of fog {!r}
 j - a scroll of blinking {unknown}
 n - 4 scrolls of magic mapping {unknown}
 r - a scroll of identify
 u - 3 scrolls of enchant weapon
 D - a scroll of immolation
Books
 b - a book of Frost

   Spells                             Type                      Level
   a - Freeze                         Ice                          1
   b - Throw Frost                    Conjuration/Ice              2
   c - Ozocubu's Armour               Charms/Ice                   3
   d - Throw Icicle                   Conjuration/Ice              4
   e - Summon Ice Beast               Ice/Summoning                4
 o - a book of Misfortune
   (You found it on level 5 of the Dungeon)

   Spells                             Type                      Level
   a - Confusing Touch                Hexes                        1
   b - Confuse                        Hexes                        3
   c - Gell's Gravitas                Translocation                3
   d - Petrify                        Transmutation/Earth          4
   e - Metabolic Englaciation         Hexes/Ice                    5
   f - Yara's Violent Unravelling     Hexes/Transmutation          5
 A - Sif Muna's Disquisition on the Congealing Oath {god gift}
   (Sif Muna gifted it to you on level 1 of the Lair of Beasts)

   Spells                             Type                      Level
   a - Ensorcelled Hibernation        Hexes/Ice                    2
   b - Inner Flame                    Hexes/Fire                   3
   c - Tukima's Dance                 Hexes                        3
   d - Silence                        Hexes/Air                    5
   e - Metabolic Englaciation         Hexes/Ice                    5
   f - Bolt of Cold                   Conjuration/Ice              6

Dungeon Overview and Level Annotations

Branches:
Dungeon (8/15)             Temple (1/1) D:4            Lair (2/6) D:8
  Swamp: Lair:2-4    Shoals: Lair:2-4     Snake: Lair:2-4    Spider: Lair:2-4

Altars:
Ashenzari
Cheibriados
Dithmenos
Elyvilon
Fedhas
Gozag
Hepliaklqana
Makhleb
Nemelex Xobeh
Qazlal
Ru
Sif Muna
Trog
Uskayaw
Vehumet
Wu Jian
Xom
Yredelemnul
Zin
The Shining One

Shops:
D:4 }

Annotations:
D:4 1 exclusion
D:7 exclusion: statue
Lair:2 kae's ghost, journeyman DrTm


You were on level 1 of the Lair of Beasts.
You worshipped Sif Muna.
Sif Muna was extremely pleased with you.
You were not hungry.

You visited 3 branches of the dungeon, and saw 11 of its levels.

You collected 766 gold pieces.


Message History

You regained 11 mp, and now have 20/24 mp.
You start resting.
Health restored: 63; MP restored: 24 You climb downwards.
Level annotation: kae's ghost, journeyman DrTm A porcupine comes into view.
Found a scroll of enchant armour and 9 gold pieces.
There is a stone staircase leading up here.
Aim: a porcupine The shard of ice hits the porcupine.
The porcupine closely misses you.
You now have 20/24 mp.
Aim: a porcupine (severely wounded)
The shard of ice misses the porcupine.
The porcupine bites you.
You take 6 damage, and have 57/63 hp.
You now have 17/24 mp.
Aim: a porcupine (severely wounded)
The shard of ice hits the porcupine.
You kill the porcupine!
Sif Muna accepts your kill.
Your Invocations skill increases to level 4!
You now have 13/24 mp.
You now have 766 gold pieces (gained 9).
You open the door.
There is an open door here.
e - 5 scrolls of enchant armour (gained 1)
A seven-headed hydra comes into view.
The seven-headed hydra roars!
Health restored: 63; MP restored: 24
Okay, then.
Unknown command.
Aim: a seven-headed hydra (chance to defeat MR: 19%)
Okay, then.
Aim: a seven-headed hydra (chance to defeat MR: 15%)
Okay, then.
A chill wind blows around you.
You now have 20/24 mp.
A chill wind blows around you.
You now have 17/24 mp.
A chill wind blows around you.
The seven-headed hydra bites your ice beast!
The seven-headed hydra bites your ice beast.
The seven-headed hydra bites your ice beast! x2
Your ice beast dies!
You now have 13/24 mp.
You swap places.
The seven-headed hydra bites your ice beast! x2
The seven-headed hydra bites your ice beast.
The seven-headed hydra bites your ice beast but does no damage.
The seven-headed hydra bites your ice beast!
Your ice beast dies!
The seven-headed hydra bites your ice beast. x3
The seven-headed hydra bites your ice beast!
Your ice beast dies!
There is an open door here.
There is a stone staircase leading up here.
Unknown command.
Aim: a seven-headed hydra (chance to defeat MR: 19%)
The seven-headed hydra resists with almost no effort.
You now have 15/24 mp.
Aim: a seven-headed hydra (chance to defeat MR: 19%)
The seven-headed hydra resists with almost no effort.
You now have 14/24 mp.
Aim: a seven-headed hydra (chance to defeat MR: 19%)
The seven-headed hydra resists with almost no effort.
You now have 12/24 mp.
You climb upwards.
There is a stone staircase leading down here.
There is a stone staircase leading down here.
You regained 7 mp, and now have 20/24 mp.
You start resting.
MP restored: 24 You climb downwards.
Level annotation: kae's ghost, journeyman DrTm 5 yaks and a spiny frog come into view.
The yak bellows! x4
The spiny frog gives a loud, deep croak!
Found a crooked lead wand.
There is a stone staircase leading up here.
The spiny frog stings you!!
You climb upwards.
There is a stone staircase leading down here.
You take 19 damage, and have 44/63 hp.
MASSIVE DAMAGE!!
Aim: a spiny frog (chance to defeat MR: 50%)
The spiny frog resists with some effort.
The spiny frog stings you!
* * * LOW HITPOINT WARNING * * *
You take 17 damage, and have 27/63 hp.
MASSIVE DAMAGE!!
You now have 22/24 mp.
A chill wind blows around you.
The spiny frog stings you but does no damage.
You now have 19/24 mp.
The spiny frog stings you!
* * * LOW HITPOINT WARNING * * *
The spiny frog closely misses you.
You take 8 damage, and have 19/63 hp.
Your ice beast hits the spiny frog.
Your ice beast freezes the spiny frog!
A chill wind blows around you. The spiny frog stings you!
* * * LOW HITPOINT WARNING * * *
You take 17 damage, and have 3/63 hp.
MASSIVE DAMAGE!!
You now have 17/24 mp.
Your ice beast hits the spiny frog.
Your ice beast freezes the spiny frog!
The spiny frog seems to slow down.
The spiny frog stings you!!
You die...

###..####.#.......##........
######......#...##......##
###...........###'#####
###P.#)...####### #.#
#..........# #.##
#..........# #..#
#..........# #######.# ###
##..........###.P##.#.###..
#P........@FY..>...........
##.........Y###.#####..#.##
#..........P#### ##.####
#######.##### #.# ### #.##
#..# ###.# ###...##
#......##


You could see a spiny frog and 2 friendly ice beasts.

Notes
Turn   | Place    | Note
-------+----------+-------------------------------------------
     0 | D:1      | theanonym the Mummy Ice Elementalist began the quest for the Orb.
     0 | D:1      | Reached XP level 1. HP: 13/13 MP: 4/4
   179 | D:1      | Reached skill level 3 in Spellcasting
   263 | D:1      | Reached XP level 2. HP: 19/19 MP: 0/6
   766 | D:1      | HP: 2/19 [dart slug/slug dart (8)]
   768 | D:1      | Reached skill level 3 in Ice Magic
  1161 | D:2      | Reached XP level 3. HP: 24/24 MP: 6/8
  1405 | D:2      | Learned a level 3 spell: Ozocubu's Armour
  1471 | D:2      | Reached skill level 4 in Spellcasting
  1639 | D:2      | Reached XP level 4. HP: 27/30 MP: 2/10
  1771 | D:2      | Learned a level 4 spell: Summon Ice Beast
  2867 | D:4      | Noticed anything's ghost (amateur KoHu)
  2941 | D:4      | Reached skill level 1 in Summonings
  2941 | D:4      | Reached XP level 5. HP: 28/35 MP: 7/12
  2965 | D:4      | Killed anything's ghost
  2965 | D:4      | Reached skill level 2 in Summonings
  3061 | D:4      | Reached skill level 5 in Spellcasting
  3068 | D:4      | Learned a level 4 spell: Throw Icicle
  3228 | D:4      | Reached XP level 6. HP: 27/41 MP: 8/13
  3364 | D:4      | Found a snail-covered altar of Cheibriados.
  3491 | D:4      | Found Lyakiq's Gadget Boutique.
  3569 | D:4      | Found a staircase to the Ecumenical Temple.
  3579 | Temple   | Entered the Ecumenical Temple
  3715 | Temple   | Became a worshipper of Sif Muna the Loreminder
  3754 | Temple   | HP: 20/41 [howler monkey (3)]
  3760 | Temple   | Reached skill level 4 in Ice Magic
  4063 | D:4      | Noticed Menkaure
  4079 | D:4      | Killed Menkaure
  4079 | D:4      | Reached skill level 3 in Summonings
  4115 | D:4      | Noticed Edmund
  4133 | D:4      | Killed Edmund
  4340 | D:4      | Reached XP level 7. HP: 39/46 MP: 11/15
  4964 | D:4      | HP: 22/46 [phantom (5)]
  4971 | D:4      | Reached skill level 6 in Spellcasting
  5187 | D:5      | Entered Level 5 of the Dungeon
  5436 | D:5      | Reached * piety under Sif Muna
  5436 | D:5      | Reached skill level 4 in Summonings
  5678 | D:5      | HP: 15/46 [orc priest/divine providence (12)]
  5688 | D:5      | HP: 8/46 [orc priest/divine providence (9)]
  6366 | D:5      | Learned a level 1 spell: Confusing Touch
  6370 | D:5      | Learned a level 3 spell: Confuse
  6741 | D:5      | Reached XP level 8. HP: 51/52 MP: 11/17
  6932 | D:6      | Reached skill level 5 in Ice Magic
  7057 | D:6      | Reached ** piety under Sif Muna
  7063 | D:6      | Reached skill level 7 in Spellcasting
  7241 | D:6      | Reached skill level 5 in Summonings
  7377 | D:6      | HP: 20/52 [phantom (8)]
  7972 | D:6      | HP: 26/52 [wight/mace (6)]
  8529 | D:7      | Reached skill level 8 in Spellcasting
  8845 | D:7      | Reached skill level 6 in Ice Magic
  9020 | D:7      | Reached *** piety under Sif Muna
  9020 | D:7      | Reached XP level 9. HP: 57/57 MP: 16/21
  9141 | D:7      | DEFE: Колдунски
  9268 | D:7      | theanonym: !lg . mu s=place
  9268 | D:7      | beem: 19 games for theanonym (mu): 6x D:1, 3x D:3, 2x D:6, 2x D:5, D:8, D:4, Lair:1, D:2, D:7, D:10
  9353 | D:7      | Found a radiant altar of Vehumet.
  9397 | D:7      | Reached skill level 6 in Summonings
  9808 | D:7      | Reached skill level 9 in Spellcasting
  9809 | D:7      | HP: 23/57 [insubstantial wisp (6)]
  9858 | D:7      | HP: 23/57 [something (6)]
 10544 | D:7      | Reached skill level 1 in Conjurations
 10939 | D:8      | Reached **** piety under Sif Muna
 11042 | D:8      | Reached skill level 2 in Conjurations
 11042 | D:8      | Reached skill level 1 in Invocations
 11213 | D:8      | Found a staircase to the Lair.
 11239 | D:8      | Reached skill level 7 in Ice Magic
 11272 | D:8      | Noticed a two-headed ogre
 11287 | D:8      | Noticed Maurice
 11299 | D:8      | Killed a two-headed ogre
 11299 | D:8      | Reached skill level 3 in Conjurations
 11299 | D:8      | Reached skill level 2 in Invocations
 11337 | D:8      | Killed Maurice
 11337 | D:8      | Reached XP level 10. HP: 56/63 MP: 9/23
 11430 | D:8      | Reached skill level 10 in Spellcasting
 11806 | D:8      | HP: 30/63 [soldier ant (3)]
 11810 | D:8      | Reached skill level 4 in Conjurations
 12044 | Lair:1   | Entered Level 1 of the Lair of Beasts
 12080 | Lair:1   | Noticed a black mamba
 12087 | Lair:1   | Killed a black mamba
 12087 | Lair:1   | Reached ***** piety under Sif Muna
 12087 | Lair:1   | Identified Sif Muna's Disquisition on the Congealing Oath {god gift} (Sif Muna gifted it to you on level 1 of the Lair of Beasts)
 12087 | Lair:1   | Received a gift from Sif Muna
 12089 | Lair:1   | Reached skill level 3 in Invocations
 12100 | Lair:1   | Learned a level 2 spell: Ensorcelled Hibernation
 12209 | Lair:1   | Noticed a spiny frog
 12235 | Lair:1   | Killed a spiny frog
 12516 | Lair:1   | Noticed a black mamba
 12522 | Lair:1   | Killed a black mamba
 12522 | Lair:1   | Reached skill level 5 in Conjurations
 13053 | Lair:2   | Noticed a spiny frog
 13063 | Lair:2   | Killed a spiny frog
 13225 | Lair:2   | Noticed a black mamba
 13232 | Lair:2   | Killed a black mamba
 13283 | Lair:2   | Noticed kae's ghost (journeyman DrTm)
 13313 | Lair:2   | HP: 28/63 [kae's ghost (14)]
 13490 | Lair:2   | Reached skill level 4 in Invocations
 13539 | Lair:2   | Noticed a seven-headed hydra
 13582 | Lair:2   | Noticed a spiny frog
 13585 | Lair:1   | HP: 27/63 [spiny frog (17)]
 13590 | Lair:1   | HP: 3/63 [spiny frog (17)]
 13592 | Lair:1   | Demolished by a spiny frog

Vanquished Creatures
  3 black mambas
  Maurice (D:8)
  A spiny frog (Lair:1)
  A komodo dragon (Lair:1)
  A hippogriff (D:8)
  A hungry ghost (D:8)
  An insubstantial wisp (D:7)
  2 soldier ants (D:8)
  A water moccasin (Lair:1)
  A porcupine (Lair:2)
  An orc warrior (D:7)
  An ice beast (D:8)
  2 phantoms
  4 sky beasts
  A black bear (D:8)
  The ghost of anything the Bolt Thrower, an amateur KoHu (D:4)
  4 bullfrogs
  2 scorpions
  3 wights (D:6)
  3 howler monkeys
  3 crimson imps
  A bullfrog zombie (D:5)
  6 hounds
  2 orc priests
  6 orc wizards
  A centaur skeleton (D:5)
  A gnoll shaman (D:4)
  4 iguanas
  4 worker ants
  2 hound zombies
  2 hound skeletons (D:4)
  3 gnolls (D:5)
  6 adders
  A river rat (D:5)
  A shadow imp (D:7)
  An adder skeleton (D:5)
  8 worms
  A dart slug (D:1)
  3 leopard geckos
  18 orcs
  3 ball pythons
  6 giant cockroaches
  4 goblins
  10 hobgoblins
  6 jackals
  2 quokkas
  9 bats
  4 frilled lizards
  10 kobolds
  6 rats
169 creatures vanquished.

Vanquished Creatures (collateral kills)
  A two-headed ogre (D:8)
  A spiny frog (Lair:2)
  A basilisk (Lair:1)
  A hungry ghost (D:8)
  A steam dragon (D:7)
  Menkaure (D:4)
  Edmund (D:4)
  An insubstantial wisp (D:7)
  A porcupine (Lair:1)
  An orc warrior (D:7)
  2 sky beasts (D:7)
  3 phantoms
  4 ogres (D:7)
  A big kobold (D:7)
  3 bullfrogs
  2 orc priests (D:5)
  6 orc wizards
  7 gnolls
  An adder (D:7)
  An adder zombie (D:6)
  7 orcs
  2 jackals (D:6)
  5 kobolds (D:7)
54 creatures vanquished.

Vanquished Creatures (others)
  An orc (D:7)
1 creature vanquished.

Grand Total: 224 creatures vanquished
